 Dungeon Crawl Stone Soup version 0.29.1-1-gd02db6906a (webtiles) character file.

Game seed: 5229130038290586417

3429 Icepheonix32 the Arsonist (level 9, 0/97 (99) HPs)
             Began as a Red Draconian Fire Elementalist on Oct 6, 2022.
             Slain by a wight
             ... wielding a +0 dire flail
              (4 damage)
             ... on level 7 of the Dungeon.
             The game lasted 00:18:20 (9360 turns).

Icepheonix32 the Arsonist (DrFE)                    Turns: 9360, Time: 00:18:21

HP:   0/97 (99)     AC: 24    Str: 14    XL:     9   Next: 76%
MP:   1/15          EV:  2    Int: 20    God:
Gold: 269           SH:  0    Dex: 12    Spells: 9/17 levels left

rFire   + . .      SeeInvis .   G - +5 flail
rCold   x . .      Faith    .   (no shield)
rNeg    . . .      Spirit   .   (body armour unavailable)
rPois   +          Reflect  .   (helmet currently unavailable)
rElec   .          Harm     .   (cloak currently unavailable)
rCorr   +          Rampage  .   (gloves currently unavailable)
Will    .....      NoTele   +   (boots currently unavailable)
Stlth   ++........              d - amulet of the acrobat
HPRegen 0.26/turn               b - ring "Tettojapp" {Fire rCorr Str+4}
MPRegen 0.14/turn               (no ring)

@: mighty, short of breath, tree-form, lightly drained
A: stationary, stasis, torment immunity, boosted hp, (breathe fire), AC +7,
unfitting armour, (fire resistance 1), (cold-blooded), (horns 1), (poison
resistance)
a: no special abilities


You were on level 7 of the Dungeon.
You were a tree.
You visited 2 branches of the dungeon, and saw 8 of its levels.

You collected 269 gold pieces.

Inventory:

Hand Weapons
 c - a +0 mace of holy wrath
 f - a +0 short sword of chaos
 i - a +1 spear
 D - a +2 whip of freezing
 E - a +2 vorpal shortbow
 F - a +1 short sword
 G - a +5 flail (weapon)
 I - a +3 halberd
 J - a +1 long sword of freezing
Missiles
 g - a throwing net
 B - 2 javelins
Armour
 e - the +4 Cigotuvi's embrace {rMiasma Drain rN+}
   (You took it off a kobold on level 4 of the Dungeon)

   It gathers nearby corpses to temporarily increase the armour it provides.
   It protects you from foul pestilence.
   rN:        It protects you from negative energy.
   Drain:     It drains your maximum health when unequipped.
 h - a +0 pair of gloves (melded)
 o - a +1 cloak of poison resistance (melded)
Jewellery
 b - the ring "Tettojapp" (left branch) {Fire rCorr Str+4}
   (You acquired it on level 5 of the Dungeon)

   [ring of fire]

   It enhances your fire magic.
   Str:       It affects your strength (+4).
   rF:        It protects you from fire.
   rC:        It makes you vulnerable to cold.
   rCorr:     It protects you from acid and corrosion.
 d - an amulet of the acrobat (around neck)
 k - a ring of magical power
Wands
 x - a wand of flame (23)
 A - a wand of digging (1)
Scrolls
 a - a scroll of amnesia {unknown}
 m - 3 scrolls of poison
 n - 2 scrolls of noise
 p - a scroll of torment
 s - a scroll of magic mapping
 y - a scroll of immolation
Potions
 j - a potion of degeneration
 q - 2 potions of resistance
 r - 2 potions of flight
 t - 2 potions of might
 u - a potion of brilliance {unknown}
 v - 2 potions of mutation
 w - a potion of berserk rage
 z - 2 potions of cancellation {unknown}
 H - a potion of attraction {unknown}


   Skills:
 + Level 1.6 Fighting
 - Level 1.4 Short Blades
 + Level 0.7 Maces & Flails
 * Level 3.4 Dodging
 + Level 3.1 Stealth
 + Level 4.5 Spellcasting
 + Level 4.2 Conjurations
 * Level 3.6 Summonings
 * Level 13.1 Fire Magic
 + Level 0.1 Evocations


You had 9 spell levels left.
You knew the following spells:

 Your Spells              Type           Power      Damage    Failure   Level
a - Foxfire               Conj/Fire      100%       2x1d9     1%          1
b - Scorch                Fire           100%       2d10      1%          2
c - Searing Ray           Conj           42%        2d6       3%          2
d - Call Canine Familiar  Summ           19%        N/A       9%          3

Your spell library contained the following spells:

 Spells                   Type           Power      Damage    Failure   Level
 Conjure Flame            Conj/Fire      56%        6-21      1%          3
 Magic Dart               Conj           84%        1d7       2%          1
 Summon Small Mammal      Summ           76%        N/A       2%          1
 Inner Flame              Hex/Fire       46%        N/A       2%          3
 Flame Wave               Conj/Fire      56%        2d13      3%          4
 Call Imp                 Summ           19%        N/A       4%          2
 Freeze                   Ice            16%        1d4       12%         1
 Summon Guardian Golem    Hex/Summ       11%        N/A       17%         3
 Mephitic Cloud           Conj/Pois/Air  10%        N/A       21%         3
 Frozen Ramparts          Ice            8%         1d2       36%         3
 Fulminant Prism          Conj/Hex       6%         3d7       45%         4
 Hailstorm                Conj/Ice       13%        3d5       45%         4


Dungeon Overview and Level Annotations

Branches:
Dungeon (7/15)             Temple (1/1) D:6

Altars:
Ashenzari
Dithmenos
Elyvilon
Fedhas
Gozag
Kikubaaqudgha
Nemelex Xobeh
Okawaru
Ru
Sif Muna
Trog
Uskayaw
Wu Jian
Zin
The Shining One
Lugonu

Shops:
D:3 :

Annotations:
D:3 1 runed translucent door, Crazy Yiuf


Innate Abilities, Weirdness & Mutations

You are a tree.
Your roots penetrate the ground, keeping you stationary.
You cannot be teleported.
You are immune to unholy pain and torment.
Your maximum health is greatly increased.
Your equipment is partially melded.
((You can breathe blasts of fire.))
((Your fiery red scales are hard. (AC +7)))
You cannot fit into any form of body armour.
((Your flesh is heat resistant. (rF+)))
((You are cold-blooded and may be slowed by cold attacks.))
((You have a pair of small horns on your head.))
((Your system is resistant to poisons. (rPois)))


Message History

The howler monkey barely misses you.
The wight hits you from afar with a +2 trident.
* * * LOW HITPOINT WARNING * * *
You feel drained.
* * * LOW HITPOINT WARNING * * *
The wight misses you.
A kobold comes into view. It is wielding a +0 dagger.
A kobold comes into view. It is wielding a +0 short sword.
The howler monkey barely misses you.
Okay, then.
You sock the howler monkey!
You kill the howler monkey!
You hear the steady creaking of a portcullis nearby.
The wight hits you but does no damage. The wight closely misses you.
An orc priest comes into view. It is wielding a +0 hand axe.
A gnoll comes into view. It is wielding a +0 halberd.
The wight misses you.
The wight hits you with a +0 dire flail!
* * * LOW HITPOINT WARNING * * *
The kobold brigand hits you with a +0 dagger.
* * * LOW HITPOINT WARNING * * *
It was a potion of mutation.
You feel extremely strange. A pair of horns grows on your head!
You feel resistant to poisons. The wight barely misses you.
The wight hits you but does no damage.
The kobold brigand hits you but does no damage.
Really quaff the potion of lignification? [Y]es or [N]o only, please.
Really quaff the potion of lignification? [Y]es or [N]o only, please.
Really quaff the potion of lignification?
You turn into a tree.
Your +1 cloak of poison resistance melds into your body.
Your +0 pair of gloves melds into your body.
Your roots penetrate the ground.
A bullfrog comes into view.
The wight hits you from afar with a +2 trident.
* * * LOW HITPOINT WARNING * * *
A kobold comes into view. It is wielding a +0 short sword.
The wight hits you with a +0 dire flail.
You die...

....$...#**#....#.....z...,,**,,,
........#####..F....<)zK..,,,,,,,
........##..○....z..K.....,,,,,,,
.........[°○°....#.##.##.#,,,,,,,
.........°°○○..K.###,,#*,*,,,,,,,
..........○..☼°K.# **,*,,,,,,**,,
...........°..Kz####*,>☼**,,,****
..#......☼☼○.○.K#○.#☼g°°,,,,***,*
.##....<...°°☼)z♣☼g°gg..,**,**,,,
..#....###°o.°#K##○K°°..,,,,,,,,,
.......# ##.#####,,##.°.,,,,,,,,,
......##**#.#*****,**,,.,,,*,,,,,
##......#*...,,,,*,**,,,,,***,,,,
#.....###*,,,,,,,,,*,,,,,****,,*
*#.......,,,,****,,,*,,,,,,,,,,,,
,.........,,,****,*,*,,,,,,,,,,,,
*##.......,,,**,,,*,,,,,,,,,,*,,,


You could see a kobold brigand, a bullfrog (wandering), 2 wights, an orc priest,
4 gnolls and 5 kobolds.

Vanquished Creatures
  Pikel (D:6)
  A hornet (D:7)
  A steam dragon (D:7)
  Edmund (D:6)
  Menkaure (D:5)
  An orc warrior (D:6)
  A black bear (D:6)
  3 centaurs
  A lemure (D:6)
  A phantom (D:5)
  2 bullfrogs (D:6)
  A gnoll sergeant (D:5)
  2 scorpions (D:6)
  A necrophage (D:4)
  12 wights
  4 howler monkeys
  A centaur zombie (D:4)
  2 jellies
  3 orc priests
  A hound (D:5)
  Jessica (D:3)
  2 scorpion zombies (D:4)
  Ijyb (D:5)
  2 iguanas (D:5)
  2 orc wizards
  2 hound zombies (D:4)
  14 gnolls
  8 adders
  A shadow imp (D:6)
  A white imp (D:6)
  2 ufetubi (D:6)
  2 adder zombies (D:4)
  A worm (D:4)
  A dart slug (D:3)
  10 orcs
  5 ball pythons
  3 bats
  10 endoplasms
  5 giant cockroaches
  3 goblins
  4 hobgoblins
  4 jackals (D:2)
  5 quokkas
  A frilled lizard (D:1)
  9 kobolds
  3 rats
143 creatures vanquished.

Vanquished Creatures (collateral kills)
  A foxfire (D:4)
1 creature vanquished.

Vanquished Creatures (others)
  A wight (D:7)
  443 foxfires
  A plant (D:1)
445 creatures vanquished.

Grand Total: 589 creatures vanquished

Notes
Turn   | Place    | Note
-------+----------+-------------------------------------------
     0 | D:1      | Icepheonix32 the Draconian Fire Elementalist began the
                  | quest for the Orb.
     0 | D:1      | Reached XP level 1. HP: 14/14 MP: 3/3
   343 | D:1      | Found a faded altar of an unknown god.
   497 | D:1      | Reached XP level 2. HP: 20/20 MP: 1/5
  1368 | D:2      | Reached XP level 3. HP: 26/26 MP: 1/6
  2688 | D:3      | Found a broken altar of Ashenzari.
  2713 | D:3      | Reached XP level 4. HP: 33/33 MP: 0/8
  2891 | D:3      | Found a bloodstained altar of Trog.
  3058 | D:3      | Found an ancient bone altar of Kikubaaqudgha.
  3777 | D:3      | Noticed Jessica
  3781 | D:3      | Killed Jessica
  3859 | D:3      | Found Ynodwue's Book Shop.
  3868 | D:3      | Reached XP level 5. HP: 33/39 MP: 9/9
  3950 | D:3      | Found a runed translucent door.
  3951 | D:3      | Noticed Crazy Yiuf
  4033 | D:3      | Learned a level 2 spell: Scorch
  4036 | D:3      | Learned a level 2 spell: Searing Ray
  4040 | D:3      | Learned a level 3 spell: Call Canine Familiar
  4245 | D:4      | Reached skill level 1 in Fighting
  4250 | D:4      | Reached skill level 1 in Short Blades
  4330 | D:4      | Reached skill level 1 in Summonings
  4330 | D:4      | Reached XP level 6. HP: 47/47 MP: 3/10
  5163 | D:4      | Reached skill level 4 in Fire Magic
  5767 | D:5      | Entered Level 5 of the Dungeon
  5768 | D:5      | Identified a scroll of acquirement
  5768 | D:5      | Acquired the ring "Tettojapp" {Fire rCorr Str+4}
  5791 | D:5      | Found a hide-covered altar of Uskayaw.
  5801 | D:5      | Your scales start taking on a fiery red colour.
  5801 | D:5      | Reached XP level 7. HP: 52/52 MP: 5/12
  5801 | D:5      | Gained mutation: Your flesh is heat resistant. (rF+) [Red
                  | Draconian growth]
  5896 | D:5      | Noticed Ijyb
  5902 | D:5      | Killed Ijyb
  5903 | D:5      | Reached skill level 5 in Fire Magic
  6077 | D:5      | Noticed Menkaure
  6083 | D:5      | Killed Menkaure
  6084 | D:5      | Reached skill level 6 in Fire Magic
  6221 | D:5      | Reached skill level 7 in Fire Magic
  6889 | D:6      | Reached skill level 8 in Fire Magic
  6889 | D:6      | Reached XP level 8. HP: 53/59 MP: 2/13
  7129 | D:6      | Found an ornate altar of the Wu Jian Council.
  7201 | D:6      | Reached skill level 9 in Fire Magic
  7382 | D:6      | Noticed Pikel
  7399 | D:6      | Killed Pikel
  7400 | D:6      | Reached skill level 11 in Fire Magic
  7596 | D:6      | Found a staircase to the Ecumenical Temple.
  7606 | Temple   | Entered the Ecumenical Temple
  7865 | D:6      | Found a glowing golden altar of the Shining One.
  8039 | D:6      | Reached XP level 9. HP: 64/64 MP: 3/14
  8369 | D:6      | Found a blossoming altar of Fedhas.
  8547 | D:6      | Noticed Edmund
  8560 | D:6      | Killed Edmund
  8561 | D:6      | Reached skill level 12 in Fire Magic
  9355 | D:7      | Reached skill level 13 in Fire Magic
  9359 | D:7      | Gained mutation: You have a pair of small horns on your
                  | head. [potion of mutation]
  9359 | D:7      | Gained mutation: Your system is resistant to poisons.
                  | (rPois) [potion of mutation]
  9360 | D:7      | HP: 4/97 [wight/+2 trident (2)]
  9360 | D:7      | Slain by a wight

Illustrated notes

Levels and vault maps discovered:
D:1:      nicolae_arrival_washed_ashore, layout_loops_corners,
          dilly_ecumenical_altar_fadedgnrine
D:2:      layout_basic, minmay_tiny_reverse_x
D:3:      layout_loops_corners, ashenzari_conservatory_becter,
          marbit_many_paths, nicolae_kikubaaqudgha_miasma_corner, serial_shops,
          shop, guppyfry_early_lair_pool, uniq_crazy_yiuf_cottage, uniq_jessica
D:4:      layout_loops_corners, serial_undead, serial_undead_c, serial_undead_a,
          serial_undead_a, serial_undead_c, kennysheep_generic_room_12
D:5:      layout_gridville, nicolae_uskayaw_murder_on_the_dancefloor,
          uniq_menkaure, uniq_ijyb
D:6:      layout_loops_ring, nicolae_tso_swordbearing_angel,
          mainiacjoe_overflow_boulevard, lemuel_crystal_altar,
          minmay_temple_entry_antechambers, uniq_pikel, uniq_edmund
D:7:      cheibrodos_statue_roulette, layout_cave_pools,
          mainiacjoe_overflow_alcove_2, enter_bailey_8, dreamdust_gnoll_farm
Temple:   corrupted_temple

Skill      XL: |  1  2  3  4  5  6  7  8  9 |
---------------+----------------------------+-----
Conjurations   | 2 3 4 |  4.2
Stealth        | 2 3 |  3.1
Dodging        | 2 3 |  3.4
Spellcasting   | 3 4 |  4.5
Fighting       | 1 |  1.6
Short Blades   | 1 |  1.4
Summonings     | 1 2 3 |  3.6
Fire Magic     | 4 8 11 13 | 13.1
Maces & Flails | |  0.7
Evocations     | |  0.1

Action                   |  1- 3 |  4- 6 |  7- 9 || total
-------------------------+-------+-------+-------++-------
Melee: Unarmed           |     6 |       |       ||     6
       Short sword       |    39 |   114 |    16 ||   169
       Tailslap          |     4 |    15 |     2 ||    21
       Punch             |     1 |     2 |       ||     3
       Flail             |       |       |    18 ||    18
 Cast: Foxfire           |    68 |    86 |   102 ||   256
       Searing Ray       |       |     4 |     9 ||    13
       Scorch            |       |     6 |    36 ||    42
       Call Canine Famil |       |       |     1 ||     1
 Abil: Breathe Fire      |       |       |     5 ||     5
Evoke: Wand              |       |     4 |     2 ||     6
  Use: Scroll            |     3 |     2 |    10 ||    15
       Potion            |       |     8 |     9 ||    17
 Stab: Sleeping          |     4 |     4 |       ||     8
       Paralysed         |       |       |     1 ||     1
Armor: Skin              |    13 |   142 |    37 ||   192
Dodge: Dodged            |    26 |    78 |   110 ||   214
